 Dungeon Crawl Stone Soup version 0.29.1-2-gbd0b4ee654 (webtiles) character file.

Game seed: 6160093926615683174

2037 xian the Envoy of Void (level 9, 0/65 HPs)
             Began as a Demonspawn Abyssal Knight on Nov 8, 2022.
             Was a High Priest of Lugonu.
             Slain by a brown ugly thing (6 damage)
             ... on level 7 of the Dungeon.
             The game lasted 00:23:26 (9339 turns).

xian the Envoy of Void (Demonspawn Abyssal Knight)  Turns: 9339, Time: 00:23:26

Health: 0/65       AC:  2    Str: 15    XL:     9   Next: 4%
Magic:  14/16      EV: 16    Int: 11    God:    Lugonu [*****.]
Gold:   221        SH:  0    Dex: 15    Spells: 12/18 levels left

rFire   . . .      SeeInvis .   A - +2 short sword (venom)
rCold   + . .      Faith    .   (no shield)
rNeg    . . .      Spirit   .   b - +0 leather armour
rPois   .          Reflect  .   n - +2 helmet
rElec   +          Harm     .   (no cloak)
rCorr   .          Rampage  .   (no gloves)
Will    .....                   (no boots)
Stlth   ++........              s - amulet of the Air {Inacc Air Fly rElec RMsl}
HPRegen 0.20/turn               x - ring of protection from cold
MPRegen 0.15/turn               i - +4 ring of evasion

@: corroded, flying, repel missiles
A: foul stench 1, demonic magic 1, weakness stinger 2, dopey 1
a: Renounce Religion, Depart the Abyss, Bend Space, Banish, Corrupt, Enter the
Abyss


You were on level 7 of the Dungeon.
You worshipped Lugonu.
Lugonu was extremely pleased with you.
You visited 1 branch of the dungeon, and saw 7 of its levels.
You visited the Abyss 1 time.

You collected 311 gold pieces.
You spent 90 gold pieces at shops.

Inventory:

Hand Weapons
 d - a +3 sling
 A - a +2 short sword of venom (weapon)
Missiles
 e - 50 poisoned darts
Armour
 b - a +0 leather armour (worn)
 n - a +2 helmet (worn)
Jewellery
 i - a +4 ring of evasion (right hand)
 s - the amulet of the Air (around neck) {Inacc Air Fly rElec RMsl}
   (You found it on level 3 of the Dungeon)

   [amulet of nothing]

   It reduces the accuracy of all your attacks.
   It enhances your air magic.
   rElec:     It insulates you from electricity.
   Fly:       It grants you flight.
   RMsl:      It protects you from missiles.
 v - an amulet of magic regeneration
 x - a ring of protection from cold (left hand)
 y - an amulet of the acrobat
Wands
 r - a wand of polymorph (5)
 z - a wand of paralysis (2)
Scrolls
 a - a scroll of enchant armour {unknown}
 h - a scroll of enchant weapon
 j - a scroll of blinking
 m - 4 scrolls of poison
 o - a scroll of amnesia
 p - a scroll of noise {unknown}
 q - 3 scrolls of summoning
 t - a scroll of vulnerability {unknown}
 u - 3 scrolls of teleportation
 w - a scroll of immolation {unknown}
Potions
 c - a potion of might
 f - 2 potions of mutation
 g - 2 potions of brilliance {unknown}
 k - a potion of flight {unknown}
 l - 6 potions of curing {unknown}


   Skills:
 + Level 4.2 Fighting
 + Level 1.6 Short Blades
 + Level 3.6 Axes
 + Level 2.8 Armour
 + Level 1.7 Dodging
 + Level 4.2 Stealth
 * Level 5.0 Spellcasting
 * Level 5.1 Earth Magic
 * Level 5.7 Invocations


You had 12 spell levels left.
You knew the following spells:

 Your Spells              Type           Power      Damage    Failure   Level
a - Sandblast             Erth           28%        2d8       3%          1
b - Passwall              Tmut/Erth      6%         N/A       14%         2
c - Stone Arrow           Conj/Erth      16%        3d8       26%         3

Your spell library contained the following spells:

 Spells                   Type           Power      Damage    Failure   Level
 Conjure Flame            Conj/Fire      2%         6-21      61%         3
 Ignite Poison            Fire/Tmut/Pois 2%         N/A       61%         3
 Corpse Rot               Necr/Pois/Air  4%         N/A       95%         4
 Flame Wave               Conj/Fire      2%         2d4       95%         4
 Sticky Flame             Conj/Fire      2%         2d3       95%         4
 Iron Shot                Conj/Erth      4%         9d2       100%        6


Dungeon Overview and Level Annotations

Branches:
Dungeon (7/15)
 Temple: D:4-7

Altars:
Kikubaaqudgha
Xom

Shops:
D:1 [**   D:3 !   D:6 (

Annotations:
D:1 best armor ever


Innate Abilities, Weirdness & Mutations

You may rarely emit foul miasma when damaged in melee.
Spells you cast may paralyse adjacent enemies.
You have a tail ending in a sharp stinger.
You are dopey. (Int -2)


Message History

The brown ugly thing looks even sicker.
The helpless brown ugly thing fails to defend itself.
You hit the brown ugly thing.
The brown ugly thing looks as sick as possible!
The brown ugly thing is moderately wounded.
The brown ugly thing is engulfed in dark miasma.
The brown ugly thing looks as sick as possible!
The helpless brown ugly thing fails to defend itself.
You hit the brown ugly thing.
The brown ugly thing looks as sick as possible!
The brown ugly thing is heavily wounded.
The brown ugly thing is no longer paralysed.
The brown ugly thing is engulfed in dark miasma.
The brown ugly thing looks as sick as possible!
The brown ugly thing tail-slaps you.
You are splashed with acid!
You hit the brown ugly thing.
The brown ugly thing looks as sick as possible!
The brown ugly thing is severely wounded.
The brown ugly thing is engulfed in dark miasma.
The brown ugly thing looks as sick as possible!
The brown ugly thing tail-slaps you but does no damage.
Unknown command.
You closely miss the brown ugly thing.
The brown ugly thing is severely wounded.
The brown ugly thing is engulfed in dark miasma.
The brown ugly thing looks as sick as possible!
The brown ugly thing tail-slaps you! The acid corrodes you!
You are splashed with acid.
* * * LOW HITPOINT WARNING * * *
You hit the brown ugly thing but do no damage.
The brown ugly thing looks as sick as possible!
The brown ugly thing is severely wounded.
The brown ugly thing tail-slaps you!
* * * LOW HITPOINT WARNING * * *
You are splashed with acid.
* * * LOW HITPOINT WARNING * * *
It was a potion of mutation.
You feel extremely strange.
You feel stupid. The brown ugly thing tail-slaps you.
You die...

......##.######..
.......##.# ....##
......>#..# .....#
.........##
##.....#
.........##
#......#
..........# #.....#
..........###.....#
...........##)u..#
.............@...#
................##
................#
..............##
..............#
...........$..#
#...............
....).#.........
..#####........


You could see a brown ugly thing (extremely poisoned).

Vanquished Creatures
  Joseph (D:7)
  Eustachio (D:4)
  A water moccasin (D:5)
  An ice beast (D:5)
  A sky beast (D:6)
  3 ogres (D:4)
  A phantom (D:5)
  A kobold brigand (D:5)
  2 necrophages
  2 scorpions (D:5)
  2 jellies (D:5)
  3 hounds
  3 orc priests
  An iguana (D:5)
  4 orc wizards
  Robin (D:3)
  8 gnolls
  2 adders
  3 worms
  6 dart slugs
  18 orcs
  7 endoplasms
  5 giant cockroaches
  39 goblins
  27 hobgoblins
  8 jackals (D:2)
  27 kobolds
  5 quokkas
  3 ball pythons
  4 bats
  5 frilled lizards
  8 rats
203 creatures vanquished.

Vanquished Creatures (others)
  76 plants
76 creatures vanquished.

Grand Total: 279 creatures vanquished

Notes
Turn   | Place    | Note
-------+----------+-------------------------------------------
     0 | Abyss:1  | xian the Demonspawn Abyssal Knight began the quest for the
                  | Orb.
     0 | Abyss:1  | Reached XP level 1. HP: 18/18 MP: 2/2
    37 | Abyss:1  | Noticed a starcursed mass
    38 | D:1      | Escaped the Abyss
    77 | D:1      | Found Fakuj's Antique Armour Boutique.
   241 | D:1      | Found Emmeafuf's General Store.
   328 | D:1      | Gained mutation: You have a small tail. [demonic ancestry]
   328 | D:1      | Reached XP level 2. HP: 22/24 MP: 3/3
   726 | D:1      | Found Etick's General Store.
   986 | D:1      | Gained mutation: You may rarely emit foul miasma when
                  | damaged in melee. [demonic ancestry]
   986 | D:1      | Reached XP level 3. HP: 27/29 MP: 4/4
  1007 | D:1      | Found a faded altar of an unknown god.
  1224 | D:2      | Reached *** piety under Lugonu
  1750 | D:2      | Reached skill level 1 in Dodging
  2045 | D:2      | Gained mutation: Spells you cast may paralyse adjacent
                  | enemies. [demonic ancestry]
  2045 | D:2      | Reached XP level 4. HP: 35/37 MP: 6/6
  2376 | D:3      | Noticed Robin
  2435 | D:3      | Learned a level 1 spell: Sandblast
  2963 | D:3      | Found Paanuec's Distillery.
  3089 | D:3      | Found an ancient bone altar of Kikubaaqudgha.
  3109 | D:3      | Bought a potion of might for 40 gold pieces
  3109 | D:3      | Bought a potion of heal wounds for 50 gold pieces
  3328 | D:3      | Killed Robin
  3478 | D:3      | Reached **** piety under Lugonu
  3511 | D:3      | Reached skill level 1 in Stealth
  3511 | D:3      | Reached XP level 5. HP: 12/42 MP: 7/7
  4310 | D:3      | Found the amulet of the Air {Inacc Air Fly rElec RMsl}
  4340 | D:3      | Reached skill level 1 in Earth Magic
  4686 | D:3      | Learned a level 2 spell: Passwall
  4876 | D:4      | Noticed an ogre
  4886 | D:4      | Killed an ogre
  4887 | D:4      | Reached skill level 1 in Spellcasting
  4887 | D:4      | Gained mutation: You have a tail ending in a sharp stinger.
                  | [demonic ancestry]
  4887 | D:4      | Reached XP level 6. HP: 48/48 MP: 4/8
  5471 | D:5      | Entered Level 5 of the Dungeon
  5938 | D:5      | Reached XP level 7. HP: 26/54 MP: 3/9
  6534 | D:4      | Got the Secrets of Pestilent Blasts
  6554 | D:4      | Reached ***** piety under Lugonu
  6720 | D:4      | Noticed Eustachio
  6743 | D:4      | Killed Eustachio
  6911 | D:4      | Learned a level 3 spell: Stone Arrow
  7148 | D:5      | Paralysed by a gnoll for 4 turns
  7342 | D:5      | Reached XP level 8. HP: 28/60 MP: 4/12
  8026 | D:5      | Reached skill level 5 in Invocations
  8590 | D:5      | Reached skill level 1 in Short Blades
  8703 | D:6      | Found Teybresm's Hydra Hut.
  8705 | D:6      | Noticed an eight-headed hydra
  8904 | D:6      | Found a shimmering altar of Xom.
  8960 | D:7      | Noticed Joseph
  8978 | D:7      | Killed Joseph
  8979 | D:7      | Reached skill level 5 in Spellcasting
  8979 | D:7      | Reached skill level 5 in Earth Magic
  8979 | D:7      | Reached XP level 9. HP: 8/65 MP: 12/16
  9328 | D:7      | Noticed a brown ugly thing
  9339 | D:7      | Gained mutation: You are dopey. (Int -2) [potion of
                  | mutation]
  9339 | D:7      | Slain by a brown ugly thing

Illustrated notes

Levels and vault maps discovered:
D:1:      sevenhm_arrival_forest_fort_small_6, layout_loops_corners,
          serial_shops, shop, nicolae_shop_statue_plus,
          nicolae_shop_behind_doors, ebering_ecumenical_altar_ruins
D:2:      layout_loops_ring
D:3:      minmay_goblin_kobold_castle, layout_rooms,
          nicolae_overflow_hidden_temple, serial_shops, shop_statue, uniq_robin
D:4:      layout_basic, uniq_eustachio
D:5:      kennysheep_kobold_camp, layout_basic, minivault_1,
          kennysheep_small_square
D:6:      layout_basic, kennysheep_little_box, mainiacjoe_overflow_tiny_flanked,
          minmay_temple_entry_mist, doesnt_shop_hydraphobe,
          uniq_crazy_yiuf_cottage
D:7:      layout_cave_pods, nicolae_vehumet_radiance,
          nicolae_shop_sticking_my_neck_out, uniq_joseph

Skill      XL: |  1  2  3  4  5  6  7  8 |
---------------+-------------------------+-----
Axes           | 2 3 |  3.6
Armour         | 2 |  2.8
Dodging        | 1 |  1.7
Invocations    | 3 4 5 |  5.7
Stealth        | 1 2 3 4 |  4.2
Earth Magic    | 2 3 5 |  5.1
Spellcasting   | 1 3 5 |  5.0
Fighting       | 4 |  4.2
Short Blades   | 1 |  1.6

Action                   |  1- 3 |  4- 6 |  7- 9 || total
-------------------------+-------+-------+-------++-------
Melee: Hand axe          |   112 |   207 |       ||   319
       Tailslap          |     3 |    19 |    11 ||    33
       Punch             |       |     1 |       ||     1
       Dagger            |       |     3 |    66 ||    69
       Short sword       |       |       |    40 ||    40
Throw: Dart              |       |     7 |       ||     7
 Cast: Sandblast         |       |    32 |   129 ||   161
Invok: Depart the Abyss  |     1 |       |       ||     1
  Use: Scroll            |       |     5 |     1 ||     6
       Potion            |       |     1 |     2 ||     3
 Stab: Sleeping          |     3 |     2 |     2 ||     7
       Paralysed         |       |    16 |    53 ||    69
Armor: Leather armour    |    33 |   108 |    59 ||   200
Dodge: Dodged            |    73 |   197 |   102 ||   372
